 Dungeon Crawl Stone Soup version 0.30-a0-719-gcc4359ea44 (webtiles) character file.

Game seed: 11797163410042667641

135 Absynth the Chopper (level 4, -2/37 HPs)
             Began as a Demonspawn Berserker on Jan 26, 2023.
             Was a Believer of Trog.
             Slain by Duvessa
             ... wielding a +0 short sword
              (7 damage)
             ... on level 4 of the Dungeon.
             The game lasted 00:04:23 (2245 turns).

Absynth the Chopper (Demonspawn Berserker)          Turns: 2245, Time: 00:04:24

Health: -2/37      AC:  3    Str: 20    XL:     4   Next: 97%
Magic:  4/4        EV: 12    Int:  8    God:    Trog [**....]
Gold:   199        SH:  4    Dex: 12    Spells: 3/3 levels left

rFire   . . .      SeeInvis .    a - +0 hand axe
rCold   . . .      Faith    .    (no shield)
rNeg    . . .      Spirit   .    c - +0 leather armour
rPois   .          Reflect  .    (no helmet)
rElec   .          Harm     .    (no cloak)
rCorr   .          Rampage  .    (no gloves)
Will    .....                    (no boots)
Stlth   +                        h - amulet of the acrobat
HPRegen 0.26/turn                (no ring)
MPRegen 0.09/turn                (no ring)

@: on berserk cooldown, slowed, very slow
A: claws 2, large bone plates 1
a: Renounce Religion, Berserk, Trog's Hand


You were on level 4 of the Dungeon.
You worshipped Trog.
Trog was pleased with you.
You visited 1 branch of the dungeon, and saw 4 of its levels.

You collected 199 gold pieces.

Inventory:

Hand Weapons
 a - a +0 hand axe (weapon)
Missiles
 f - a throwing net (quivered)
Armour
 b - a +0 animal skin
 c - a +0 leather armour (worn)
Jewellery
 h - an amulet of the acrobat (around neck)
 q - a +6 ring of intelligence
Scrolls
 e - 4 scrolls of magic mapping {unknown}
 l - a scroll of amnesia {unknown}
 o - 2 scrolls of identify {unknown}
 p - a scroll of noise {unknown}
 t - a scroll of blinking {unknown}
Potions
 d - 2 potions of haste {unknown}
 g - 3 potions of invisibility {unknown}
 i - 2 potions of degeneration {unknown}
 j - 2 potions of might {unknown}
 k - 2 potions of brilliance {unknown}
 m - a potion of flight {unknown}
 n - 2 potions of lignification {unknown}
 r - a potion of attraction {unknown}
 s - a potion of curing {unknown}


   Skills:
 + Level 3.6 Fighting
 * Level 3.8 Axes
 + Level 2.5 Armour
 + Level 2.6 Dodging


You had 3 spell levels left.
You didn't know any spells.
Your spell library was empty.

Dungeon Overview and Level Annotations

Branches:
Dungeon (4/15)
 Temple: D:4-7

Altars:
Gozag
Kikubaaqudgha
Qazlal
Trog
Vehumet

Annotations:
D:4 Dowan, Duvessa


Innate Abilities, Weirdness & Mutations

You have very sharp fingernails.
You are partially covered in large bone plates. (SH +4)


Message History

Duvessa barely misses you.
You closely miss Duvessa.
Duvessa is moderately wounded.
You closely miss Duvessa.
Duvessa is moderately wounded.
Dowan's robes are whipped around by a magical breeze.
You block Duvessa's attack.
You closely miss Duvessa.
Duvessa is moderately wounded.
You hit the orc. Duvessa hits you with a +0 short sword. The orc misses you.
You barely miss Duvessa.
Duvessa is moderately wounded.
You hit the orc.
You kill the orc!
Trog accepts your kill.
Dowan laughs at you. "Don't get delusional, you can't win!"
Duvessa barely misses you.
You slash Duvessa!
Duvessa is heavily wounded.
You barely miss Dowan. You hit Duvessa but do no damage.
Duvessa is heavily wounded.
You miss Dowan.
You are no longer berserk.
You are exhausted.
You feel yourself slow down. Dowan closely misses you.
Duvessa barely misses you.
You barely miss Duvessa.
Duvessa is heavily wounded.
You hit Dowan. Dowan casts a spell at you. The puff of flame hits you!
Duvessa hits you with a +0 short sword!
* * * LOW HITPOINT WARNING * * *
Dowan hits you with a +0 dagger!
* * * LOW HITPOINT WARNING * * *
Duvessa misses you.
You hit Duvessa but do no damage.
Duvessa is heavily wounded.
You hit Dowan. Duvessa hits you with a +0 short sword!
You die...

..........#
#######...# #...#
#...# # #...##.# #
#......# #
#...######### #
..#............ .
.......)@e...... #
#..#####e)...... #
.... '........ #
### ##...$.... #
######### # #
######
.....##############


You could see Duvessa and Dowan.

Vanquished Creatures
  Robin (D:4)
  4 gnolls (D:4)
  4 dart slugs
  2 orcs (D:4)
  6 ball pythons
  2 bats
  6 endoplasms
  7 giant cockroaches
  13 goblins
  10 hobgoblins
  2 quokkas
  2 frilled lizards (D:3)
  5 kobolds
  3 rats (D:1)
67 creatures vanquished.

Notes
Turn   | Place    | Note
-------+----------+-------------------------------------------
     0 | D:1      | Absynth the Demonspawn Berserker began the quest for the
                  | Orb.
     0 | D:1      | Reached XP level 1. HP: 18/18 MP: 1/1
    76 | D:1      | Gained mutation: You have sharp fingernails. [demonic
                  | ancestry]
    76 | D:1      | Reached XP level 2. HP: 15/24 MP: 2/2
   888 | D:2      | Reached ** piety under Trog
   889 | D:2      | Gained mutation: You have very sharp fingernails. [demonic
                  | ancestry]
   889 | D:2      | Reached XP level 3. HP: 29/29 MP: 3/3
  1418 | D:3      | Found a radiant altar of Vehumet.
  1655 | D:3      | Found an ancient bone altar of Kikubaaqudgha.
  1904 | D:3      | Found an opulent altar of Gozag.
  1942 | D:3      | Found a stormy altar of Qazlal.
  1944 | D:3      | Found a bloodstained altar of Trog.
  2004 | D:4      | Noticed Robin
  2013 | D:4      | Gained mutation: You are partially covered in large bone
                  | plates. (SH +4) [demonic ancestry]
  2013 | D:4      | Reached XP level 4. HP: 35/35 MP: 4/4
  2024 | D:4      | Killed Robin
  2229 | D:4      | Noticed Duvessa
  2231 | D:4      | Noticed Dowan
  2245 | D:4      | Slain by Duvessa

Illustrated notes

Levels and vault maps discovered:
D:1:      saegor_arrival_simple_d, layout_basic
D:2:      layout_rooms
D:3:      layout_basic, nicolae_overflow_hidden_temple,
          mainiacjoe_overflow_24_doors
D:4:      minmay_chambers_of_twos, layout_basic, nemelex_spade_bored_becter,
          nicolae_tso_swordbearing_angel, serial_shops, shop, uniq_duvessa,
          uniq_menkaure, uniq_robin

Skill      XL: |  1  2 |
---------------+-------+-----
Dodging        | 2 |  2.6
Axes           | 3 |  3.8
Armour         | 2 |  2.5
Fighting       | |  3.6

Action                     |  1- 3 |  4- 6 || total
---------------------------+-------+-------++-------
  Melee: Hand axe          |   111 |    45 ||   156
         Punch             |     1 |       ||     1
 Invoke: Berserk           |     1 |     1 ||     2
 Armour: Leather armour    |    29 |     6 ||    35
         Animal skin       |     1 |       ||     1
  Dodge: Dodged            |    85 |    23 ||   108
  Block: Other             |       |     3 ||     3

Table legend: (Time is in decaauts)
 A = Elapsed time spent in this place.
 B = Non-inter-level travel time spent in this place.
 C = Inter-level travel time spent in this place.
 D = Time resting spent in this place.
 E = Time spent auto-exploring this place.
 F = Levels seen in this place.
 G = Mean time per level.
                   A        B        C        D        E       F      G
               +--------+--------+--------+--------+--------+-----+--------+
         Total |   2263 |   2087 |    176 |     37 |   1663 |   4 |  565.8 |
       Dungeon |   2263 |   2087 |    176 |     37 |   1663 |   4 |  565.8 |
               +--------+--------+--------+--------+--------+-----+--------+

Top non-repeatable levels by time:
     D:1: 850 daAuts
     D:3: 766 daAuts
     D:2: 392 daAuts
     D:4: 253 daAuts
